 Dungeon Crawl Stone Soup version 0.25-a0-780-g622e69b31f (webtiles) character file.

Game seed: 4237348800352498194, levelgen mode: deterministic

326 Hasart the Chiller (level 6, -2/32 HPs)
             Began as a Deep Elf Ice Elementalist on Apr 14, 2020.
             Was an Initiate of Vehumet.
             Slain by a nameless horror (26 damage)
             ... created by miscasting Summon Ice Beast
             ... on level 4 of the Dungeon.
             The game lasted 00:07:25 (2860 turns).

Hasart the Chiller (Deep Elf Ice Elementalist)      Turns: 2860, Time: 00:07:26

Health: -2/32      AC:  3    Str:  5    XL:     6   Next: 24%
Magic:  17/24      EV: 14    Int: 22    God:    Vehumet [......]
Gold:   195        SH:  0    Dex: 15    Spells: 2/14 levels left

rFire    . . .     SeeInvis .   l - +2 dagger (venom)
rCold    . . .     Gourm    .   (no shield)
rNeg     . . .     Faith    .   a - +0 robe
rPois    +         Spirit   .   z - +0 helmet
rElec    .         Reflect  .   (no cloak)
rCorr    .         Harm     .   (no gloves)
MR       .....                  (no boots)
Stlth    ++........             (no amulet)
HPRegen  0.10/turn              m - ring of magical power
MPRegen  0.19/turn              g - ring of poison resistance

@: frozen ramparts, very slightly contaminated
A: no striking features
a: Renounce Religion


You were on level 4 of the Dungeon.
You worshipped Vehumet.
Vehumet was noncommittal.
You were very hungry.

You visited 1 branch of the dungeon, and saw 4 of its levels.
You also visited: Sewer.

You collected 195 gold pieces.

Inventory:

Hand Weapons
 l - a +2 dagger of venom (weapon)
Armour
 a - a +0 robe (worn)
 z - a +0 helmet (worn)
Jewellery
 e - an uncursed ring of protection from fire
 g - a ring of poison resistance (right hand)
 j - an uncursed amulet of faith
 m - a ring of magical power (left hand)
 p - an uncursed ring of resist corrosion
 t - an uncursed ring of protection from cold
Wands
 n - a wand of disintegration (13)
Scrolls
 b - 2 scrolls of teleportation {unknown}
 d - 8 scrolls of identify {unknown}
 f - a scroll of fear {unknown}
 i - a scroll of random uselessness {unknown}
 k - 2 scrolls of enchant weapon {unknown}
 o - a scroll of noise {unknown}
 q - a scroll of remove curse {unknown}
 u - a scroll of blinking {unknown}
 w - 2 scrolls of magic mapping {unknown}
 y - a scroll of immolation {unknown}
Potions
 h - a potion of brilliance {unknown}
 r - a potion of lignification {unknown}
 s - a potion of invisibility {unknown}
 v - a potion of stabbing {unknown}
 x - a potion of ambrosia {unknown}
 A - 3 potions of flight {unknown}
 B - 2 potions of curing {unknown}
Comestibles
 c - 7 rations


   Skills:
 + Level 4.2 Dodging
 - Level 2.4 Stealth
 + Level 4.8 Spellcasting
 + Level 2.1 Summonings
 * Level 6.4 Ice Magic


You had 2 spell levels left.
You knew the following spells:

 Your Spells              Type           Power        Failure   Level  Hunger
a - Freeze                Ice            ####         1%          1    None
b - Frozen Ramparts       Ice            ####..       2%          3    ##.....
c - Summon Ice Beast      Ice/Summ       ###.....     17%         4    ####...
d - Hailstorm             Conj/Ice       ###.....     26%         4    ####...

Your spell library contained the following spells:

 Spells                   Type           Power        Failure   Level  Hunger
 Ozocubu's Armour         Chrm/Ice       ###.....     9%          3    ##.....


Dungeon Overview and Level Annotations

Branches:
Dungeon (4/15)              Sewer (visited)
 Temple: D:4-7

Altars:
Cheibriados
Elyvilon
Hepliaklqana
Vehumet
The Shining One


Message History

You are very lightly contaminated with residual magic.
A chorus of moans calls out in your mind.
A nameless horror comes into view.
The phantom hits you.
Press: ? - help, v - describe, . - travel
Here: a nameless horror (durably summoned)
The floor.
Okay, then.
Casting: Summon Ice Beast (quite dangerous; 17% risk of failure)
Confirm with . or Enter, or press ? or * to list all spells.
Okay, then.
Casting: Summon Ice Beast (quite dangerous; 17% risk of failure)
Confirm with . or Enter, or press ? or * to list all spells.
The walls around you are covered in ice.
The phantom completely resists.
The wall freezes the phantom but do no damage.
The phantom hits you.
The wall freezes the nameless horror.
The nameless horror hits you!!
Ouch! That really hurt!
You die...

#........#.##........#
#........#.# ......).
#.# ...%... #.# ....Z
#.# )... #.# #.. #.#
#.# #.####W##
#...X@..# #########


You could see a nameless horror, a phantom and an adder zombie (dormant).

Vanquished Creatures
  An ogre (D:4)
  A big kobold (Sewer)
  Jessica (D:3)
  2 worker ants (D:4)
  2 adders
  2 river rats (Sewer)
  A dart slug (D:3)
  4 leopard geckos (D:4)
  2 bats
  2 giant cockroaches
  4 goblins
  9 hobgoblins
  4 jackals
  7 kobolds
  A quokka (D:4)
  A frilled lizard (D:2)
  A leopard gecko skeleton (D:4)
  10 rats
55 creatures vanquished.

Notes
Turn   | Place    | Note
-------+----------+-------------------------------------------
     0 | D:1      | Hasart the Deep Elf Ice Elementalist began the quest for
                  | the Orb.
     0 | D:1      | Reached XP level 1. HP: 10/10 MP: 6/6
   174 | D:1      | Reached XP level 2. HP: 6/15 MP: 0/8
   900 | D:2      | Reached skill level 5 in Ice Magic
  1060 | D:2      | Reached XP level 3. HP: 19/19 MP: 10/10
  1065 | D:2      | Learned a level 3 spell: Frozen Ramparts
  1138 | D:2      | Found a glowing golden altar of the Shining One.
  1138 | D:2      | Found a white marble altar of Elyvilon.
  1235 | D:3      | Found a snail-covered altar of Cheibriados.
  1239 | D:3      | Found a faded altar of an unknown god.
  1367 | D:3      | Found a radiant altar of Vehumet.
  1371 | D:3      | Became a worshipper of Vehumet
  1443 | D:3      | Noticed Jessica
  1449 | D:3      | Killed Jessica
  1449 | D:3      | Reached XP level 4. HP: 12/24 MP: 11/11
  1604 | D:3      | Learned a level 4 spell: Summon Ice Beast
  2109 | D:3      | Found a runed translucent door.
  2281 | D:4      | Found a glowing drain.
  2286 | D:4      | Reached skill level 1 in Summonings
  2286 | D:4      | Reached XP level 5. HP: 25/28 MP: 13/13
  2300 | Sewer    | Entered a sewer
  2384 | Sewer    | Reached skill level 6 in Ice Magic
  2541 | Sewer    | Found a glowing silver altar of Zin.
  2658 | D:4      | Noticed an ogre
  2672 | D:4      | Killed an ogre
  2672 | D:4      | Reached XP level 6. HP: 32/32 MP: 15/15
  2678 | D:4      | Learned a level 4 spell: Hailstorm
  2800 | D:4      | Found a hazy altar of Hepliaklqana.
  2859 | D:4      | Noticed a nameless horror
  2860 | D:4      | Slain by a nameless horror

Levels and vault maps discovered:
D:1:      doesnt_arrival_eight_statues, layout_loops_ring
D:2:      layout_rooms, chequers_temple_overflow_statue_of_worship
D:3:      layout_basic, lemuel_doored_altar, kennysheep_slug_shrine,
          chequers_ecumenical_altar_simple, uniq_crazy_yiuf_cottage,
          uniq_jessica
D:4:      layout_basic, kennysheep_mini, nicolae_overflow_hidden_temple,
          first_ration, portal_sewer_entry_f

Skill      XL: |  1  2  3  4  5 |
---------------+----------------+-----
Dodging        | 3 4 |  4.2
Ice Magic      | 5 6 |  6.4
Spellcasting   | 4 |  4.8
Summonings     | 1 2 |  2.1
Stealth        | |  2.4

Action                   |  1- 3 |  4- 6 || total
-------------------------+-------+-------++-------
Melee: Unarmed           |     1 |       ||     1
       Dagger            |    15 |    22 ||    37
 Cast: Freeze            |    43 |    27 ||    70
       Frozen Ramparts   |     1 |     2 ||     3
 Stab: Sleeping          |     1 |     1 ||     2
  Eat: Chunk             |     1 |     4 ||     5
Armor: Robe              |     6 |     3 ||     9
Dodge: Dodged            |    34 |    28 ||    62

Table legend:
 A = Non-vault XP
 B = Vault XP
 C = Vault XP percentage of total XP
 D = Non-vault monster count
 E = Vault monster count
 F = Vault count percentage of total count
                 A         B        C        D         E       F
            +---------+---------+-------+---------+---------+-------
      Total |     276 |     190 |  40.8 |      39 |      16 |  29.1
            +---------+---------+-------+---------+---------+-------
        D:1 |      37 |       0 |   0.0 |      22 |       0 |   0.0
        D:2 |      19 |       0 |   0.0 |       5 |       0 |   0.0
        D:3 |      26 |      41 |  61.2 |       7 |       2 |  22.2
        D:4 |     194 |      12 |   5.8 |       5 |       4 |  44.4
      Sewer |       0 |     137 | 100.0 |       0 |      10 | 100.0
            +---------+---------+-------+---------+---------+-------
